 Dungeon Crawl Stone Soup version 0.27-a0-445-gbe96e517c0 (webtiles) character file.

Game seed: 3174524199791434001

1811 Gaff the Nimble (level 9, -4/81 HPs)
             Began as a Kobold Brigand on Feb 27, 2021.
             Was a Follower of Uskayaw.
             Killed from afar by an electric eel (6 damage)
             ... with a bolt of electricity
             ... on level 6 of the Dungeon.
             The game lasted 00:23:18 (6805 turns).

Gaff the Nimble (Kobold Brigand)                    Turns: 6805, Time: 00:23:19

Health: -4/81      AC: 24    Str: 15    XL:     9   Next: 31%
Magic:  0/3        EV:  3    Int: 12    God:    Uskayaw [*.....]
Gold:   288        SH:  0    Dex: 29    Spells: 8/8 levels left

rFire    . . .     SeeInvis .   G - +7 long sword of Faenauxt {antimagic, rPois rC- Will++ Dex+4}
rCold    x . .     Faith    .   (shield restricted)
rNeg     + + +     Spirit   +   (armour currently unavailable)
rPois    +         Reflect  .   (helmet currently unavailable)
rElec    .         Harm     .   (cloak currently unavailable)
rCorr    .         Rampage  .   (gloves currently unavailable)
Will     ++...     NoTele   +   (boots currently unavailable)
Stlth    +++++.....             i - amulet of guardian spirit
HPRegen  0.23/turn              x - +6 ring of dexterity
MPRegen  0.08/turn              B - +6 ring of strength

@: tree-form, very slow
A: small, nightstalker 3
a: Renounce Religion, Stomp


You were on level 6 of the Dungeon.
You worshipped Uskayaw.
Uskayaw was noncommittal.
You were a tree.
You visited 2 branches of the dungeon, and saw 7 of its levels.

You collected 288 gold pieces.

Inventory:

Hand Weapons
 a - a +2 dagger
 y - a +0 rapier
 G - the +7 long sword of Faenauxt (weapon) {antimagic, rPois rC- Will++ Dex+4}
   (You found it on level 4 of the Dungeon)

   It reduces the magical energy of the wielder, and disrupts the spells and
   magical abilities of those hit.
   Natural abilities and divine invocations are not affected.
   It affects your dexterity (+4).
   It makes you vulnerable to cold.
   It protects you from poison.
   It affects your willpower, your defense against some magical effects.
 O - a +3 quarterstaff of chaos
Missiles
 d - 15 poisoned darts (quivered)
 e - 2 curare-tipped darts
 h - 189 stones
Armour
 b - a +0 robe (melded)
 c - a +0 cloak
 u - a +0 pair of gloves (melded)
 z - a +0 leather armour
 F - a +0 helmet
 H - a +2 helmet of intelligence (melded)
 N - a +1 pair of boots (melded)
 P - a +2 cloak of willpower (melded)
Jewellery
 i - an amulet of guardian spirit (around neck)
 k - a ring of willpower
 x - a +6 ring of dexterity (left branch)
 B - a +6 ring of strength (right branch)
 K - a +6 ring of strength
Wands
 v - a wand of flame (18)
 w - a wand of mindburst (15)
 M - a wand of polymorph (5)
Scrolls
 f - 5 scrolls of teleportation {unknown}
 m - a scroll of blinking
 r - a scroll of amnesia
 t - 2 scrolls of enchant weapon {unknown}
 C - 2 scrolls of fog
 E - a scroll of enchant armour
 I - a scroll of fear
 J - 6 scrolls of identify
Potions
 g - a potion of lignification
 j - 2 potions of might {unknown}
 l - 2 potions of flight
 n - a potion of berserk rage
 o - 2 potions of brilliance {unknown}
 p - a potion of ambrosia
 q - 2 potions of mutation {unknown}
 s - 3 potions of curing
 A - a potion of resistance
 D - 2 potions of degeneration {unknown}
 L - a potion of attraction


   Skills:
 * Level 5.3 Fighting
 + Level 7.7(9.0) Short Blades
 + Level 4.4(5.5) Long Blades
 - Level 2.3 Throwing
 + Level 8.0 Dodging
 - Level 6.1 Stealth


You had 8 spell levels left.
You didn't know any spells.
Your spell library was empty.

Dungeon Overview and Level Annotations

Branches:
Dungeon (6/15)             Temple (1/1) D:4

Altars:
Ashenzari
Cheibriados
Dithmenos
Elyvilon
Fedhas
Gozag
Hepliaklqana
Kikubaaqudgha
Makhleb
Nemelex Xobeh
Okawaru
Qazlal
Ru
Sif Muna
Trog
Uskayaw
Vehumet
Wu Jian
Xom
Yredelemnul
Zin
The Shining One

Shops:
D:5 (


Innate Abilities, Weirdness & Mutations

You are small and have problems with some larger weapons.
You are completely attuned to the shadows.


Message History

Moving in this stuff is going to be slow.
The electric eel shoots out a bolt of lightning at you!
The bolt of electricity hits you.
The bolt of electricity hits the plant!
The plant begins to die.
Your unstable footing causes you to fumble your attack.
You slash the electric eel!
The electric eel is almost dead.
The electric eel shoots out a bolt of lightning at you!
The bolt of electricity hits you.
The bolt of electricity hits the plant!
The electric eel shoots out a bolt of lightning at you!
The bolt of electricity hits you!
* * * LOW HITPOINT WARNING * * *
The bolt of electricity hits the plant!
Okay, then.
Your unstable footing causes you to fumble your attack.
A nearby plant withers and dies.
The electric eel shoots out a bolt of lightning at you!
The bolt of electricity misses you.
Your unstable footing causes you to fumble your attack.
You miss the electric eel.
The electric eel is almost dead.
The electric eel shoots out a bolt of lightning at you!
The bolt of electricity hits you!
* * * LOW HITPOINT WARNING * * *
Okay, then.
It was a potion of lignification.
You turn into a tree.
Your +2 cloak of willpower melds into your body.
Your +2 helmet of intelligence melds into your body.
Your +0 pair of gloves melds into your body.
Your +1 pair of boots melds into your body.
Your +0 robe melds into your body.
You feel less strong-willed.
You feel stupid.
Your roots penetrate the ground.
You hit the electric eel but do no damage.
The electric eel is almost dead.
You closely miss the electric eel.
The electric eel is almost dead.
The electric eel shoots out a bolt of lightning at you!
The bolt of electricity hits you.
You die...

P≈≈.###....#
#.≈≈≈#......
##.≈≈.).....
).≈≈≈#.....
#.#≈###....###≈ ###
##.≈.#......#≈≈ ###≈#
≈##≈≈.......≈≈. ###≈..#
≈≈##≈≈......≈.###≈...P#
≈≈≈###.....≈≈##;♣≈...##
≈≈≈≈####'#####≈≈≈≈.P.##
≈≈≈≈≈≈##..##≈≈≈≈≈≈≈...#
≈≈≈†≈###''###≈≈≈≈≈≈≈.P#
≈≈≈≈###....######≈≈PP.#
≈≈≈≈# #....# ≈≈≈....#
≈≈≈## #....# ≈≈≈....#
≈######....######≈..PP#
≈≈≈≈≈#.####.#≈≈≈≈..P.##


You could see an electric eel.

Vanquished Creatures
  Pikel (D:6)
  Eustachio (D:4)
  5 ogres
  Blork the orc (D:5)
  A bullfrog (D:6)
  A scorpion (D:5)
  2 electric eels (D:6)
  A bullfrog zombie (D:5)
  2 hounds
  2 orc priests (D:5)
  A jelly (D:5)
  Crazy Yiuf (D:5)
  3 orc wizards
  A worker ant (D:4)
  A howler monkey zombie (D:6)
  Robin (D:2)
  3 gnolls
  7 adders
  A shadow imp (D:6)
  2 adder skeletons (D:4)
  3 worms
  2 dart slugs (D:1)
  4 leopard geckos
  14 orcs
  A giant cockroach (D:4)
  11 goblins
  14 hobgoblins
  4 jackals (D:3)
  6 kobolds
  3 quokkas
  2 ball pythons
  7 bats
  4 frilled lizards
  8 rats
121 creatures vanquished.

Vanquished Creatures (others)
  6 plants
6 creatures vanquished.

Grand Total: 127 creatures vanquished

Notes
Turn   | Place    | Note
-------+----------+-------------------------------------------
     0 | D:1      | Gaff the Kobold Brigand began the quest for the Orb.
     0 | D:1      | Reached XP level 1. HP: 12/12 MP: 1/1
   111 | D:1      | Reached XP level 2. HP: 15/18 MP: 2/2
   823 | D:1      | Reached XP level 3. HP: 22/22 MP: 3/3
  1293 | D:2      | Noticed Robin
  1297 | D:2      | Reached skill level 2 in Dodging
  1513 | D:3      | Reached XP level 4. HP: 18/27 MP: 4/4
  2341 | D:3      | Reached XP level 5. HP: 31/31 MP: 5/5
  2354 | D:3      | Reached skill level 3 in Dodging
  2370 | D:3      | Reached skill level 5 in Short Blades
  2894 | D:2      | Killed Robin
  3021 | D:2      | Reached XP level 6. HP: 34/36 MP: 6/6
  3065 | D:2      | Noticed an ogre
  3071 | D:2      | Killed an ogre
  3072 | D:2      | Reached skill level 4 in Dodging
  3692 | D:4      | Identified the +7 long sword of Faenauxt {antimagic, rPois
                  | rC- Will++ Dex+4}
  3759 | D:5      | Entered Level 5 of the Dungeon
  3775 | D:5      | Noticed an ogre
  3777 | D:5      | Noticed an ogre
  4091 | D:4      | Noticed Eustachio
  4115 | D:5      | Reached XP level 7. HP: 41/41 MP: 3/7
  4140 | D:5      | Found a sacrificial altar of Ru.
  4151 | D:5      | Became a worshipper of Ru the Awakened
  4277 | D:5      | Reached skill level 5 in Dodging
  4354 | D:5      | Noticed Blork the orc
  4376 | D:5      | Killed Blork the orc
  4596 | D:4      | Reached skill level 1 in Long Blades
  4599 | D:4      | Found a staircase to the Ecumenical Temple.
  4606 | Temple   | Entered the Ecumenical Temple
  5072 | Temple   | Fell from the grace of Ru
  5072 | Temple   | Became a worshipper of Uskayaw the Reveller
  5386 | D:4      | Reached * piety under Uskayaw
  5391 | D:4      | Reached ** piety under Uskayaw
  5422 | D:4      | Killed Eustachio
  5423 | D:4      | Reached skill level 6 in Dodging
  5423 | D:4      | Reached XP level 8. HP: 46/48 MP: 3/8
  5631 | D:5      | Found a runed translucent door.
  5634 | D:5      | Noticed Crazy Yiuf
  5738 | D:5      | Reached *** piety under Uskayaw
  6009 | D:5      | Reached **** piety under Uskayaw
  6011 | D:5      | Reached skill level 7 in Dodging
  6061 | D:5      | Found Wogyedgh's Weapon Boutique.
  6266 | D:5      | Killed Crazy Yiuf
  6432 | D:6      | Noticed Pikel
  6446 | D:6      | Killed Pikel
  6447 | D:6      | Reached skill level 5 in Fighting
  6447 | D:6      | Reached XP level 9. HP: 54/54 MP: 3/9
  6762 | D:6      | Reached skill level 8 in Dodging
  6802 | D:6      | HP: 1/54 [electric eel/bolt of electricity (14)]
  6805 | D:6      | Killed from afar by an electric eel

Illustrated notes

Levels and vault maps discovered:
D:1:      tarquinn_simple_flora_water_e, layout_basic
D:2:      layout_loops_ring, uniq_robin
D:3:      layout_basic
D:4:      layout_cave_pools, minmay_temple_entry_gardened_gates, uniq_eustachio
D:5:      layout_cave_pools, lemuel_crystal_altar, serial_shops,
          nicolae_shop_trees, kennysheep_generic_room_14, uniq_blork_the_orc,
          uniq_crazy_yiuf_cottage
D:6:      wad_lake_hut, layout_basic, nicolae_tso_carved_into_rock, uniq_pikel
Temple:   compressed_dpeg_triangle_lava_temple

Skill      XL: |  1  2  3  4  5  6  7  8  9 |
---------------+----------------------------+-----
Stealth        | 6 |  6.1
Short Blades   | 3 4 5 6 7 |  7.7
Dodging        | 2 3 4 6 7 8 |  8.0
Fighting       | 3 5 |  5.3
Long Blades    | 1 3 4 |  4.4
Throwing       | |  2.3

Action                   |  1- 3 |  4- 6 |  7- 9 || total
-------------------------+-------+-------+-------++-------
Melee: Dagger            |    78 |   175 |    98 ||   351
       Rapier            |       |    30 |       ||    30
       Long sword        |       |     8 |    72 ||    80
Invok: Stomp             |       |       |     2 ||     2
Evoke: Wand              |       |       |     2 ||     2
  Use: Potion            |       |     3 |     1 ||     4
       Scroll            |       |     1 |     9 ||    10
 Stab: Sleeping          |    20 |    30 |     9 ||    59
       Distracted        |       |     4 |       ||     4
       Paralysed         |       |       |     3 ||     3
Armor: Robe              |    11 |    20 |    21 ||    52
Dodge: Dodged            |    33 |   134 |   138 ||   305
       Rpst.: Long sword |       |     3 |    14 ||    17

Table legend: (Time is in decaauts)
 A = Elapsed time spent in this place.
 B = Non-inter-level travel time spent in this place.
 C = Inter-level travel time spent in this place.
 D = Time resting spent in this place.
 E = Time spent auto-exploring this place.
 F = Levels seen in this place.
 G = Mean time per level.
                   A        B        C        D        E       F      G
               +--------+--------+--------+--------+--------+-----+--------+
         Total |   6776 |   6593 |    183 |   1005 |   3839 |   7 |  968.0 |
       Dungeon |   6300 |   6117 |    183 |   1005 |   3518 |   6 | 1050.0 |
        Temple |    475 |    475 |      0 |      0 |    321 |   1 |  475.0 |
               +--------+--------+--------+--------+--------+-----+--------+

Top non-repeatable levels by time:
     D:3: 1496 daAuts
     D:5: 1263 daAuts
     D:2: 1094 daAuts
     D:1: 1041 daAuts
     D:4: 948 daAuts
  Temple: 475 daAuts
     D:6: 457 daAuts
